 Dungeon Sprint DCSS version 0.19.0-9-gfd783f2 (webtiles) character file.

93 equalderp2856 the Gouger (level 4, -8/24 HPs)
             Began as a Felid Fighter on Nov 7, 2016.
             Mangled by a deep elf blademaster
             ... wielding a +0 quick blade
              (24 damage)
             ... in the Dungeon (Sprint VII: "The Pits").
             The game lasted 00:03:10 (459 turns).

equalderp2856 the Gouger (Felid Fighter)             Turns: 459, Time: 00:03:11

Health: -8/24      AC:  1    Str: 13    XL:     4   Next: 37%
Magic:  5/5        EV: 22    Int: 10    God:
Gold:   0          SH:  0    Dex: 15    Spells: 0 memorised, 3 levels left
                                        Lives:  0   Deaths: 1

rFire  . . .     SeeInvis +       - Unarmed
rCold  . . .     Gourm    .     (armour unavailable)
rNeg   . . .     Faith    .     (shield unavailable)
rPois  .         Spirit   .     (helmet unavailable)
rElec  .         Reflect  .     (cloak unavailable)
rCorr  .         Harm     .     (gloves unavailable)
MR     .....     NoTele   +     (boots unavailable)
Stlth  ++........               (no amulet)
                                (no ring)
                                (no ring)

@: quick
A: no armour, no weapons or thrown items, stealth, claws 1, fangs 3, see
invisible, carnivore 3, speed 1, shaggy fur 1, slow metabolism 1, sharp paws
a: no special abilities


You were in the Dungeon.
You were not hungry.

You visited 1 branch

Inventory:

Scrolls
 h - a scroll of blinking
 j - 3 scrolls of remove curse
 k - 5 scrolls of amnesia
 l - a scroll of summoning
Potions
 a - a potion of might
 c - 6 potions of curing
 d - 6 potions of heal wounds
 e - a potion of haste
 f - 4 potions of magic
 g - 3 potions of berserk rage
 i - 2 potions of invisibility
Comestibles
 b - 8 meat rations


   Skills:
 + Level 5.9 Fighting
 + Level 7.5 Dodging
 + Level 9.5 Unarmed Combat


You had 3 spell levels left.
You didn't know any spells.

Dungeon Overview and Level Annotations

Branches:
Dungeon (1/1)

Altars:
Ashenzari
Cheibriados
Dithmenos
Elyvilon
Fedhas
Gozag
Hepliaklqana
Kikubaaqudgha
Makhleb
Nemelex Xobeh
Okawaru
Qazlal
Ru
Sif Muna
Trog
Uskayaw
Vehumet
Xom
Yredelemnul
Zin
The Shining One
Beogh
Jiyva
Lugonu


Innate Abilities, Weirdness & Mutations

You cannot wear armour.
You are incapable of wielding weapons or throwing items.
Your paws allow you to move quietly. (Stealth)
You have sharp claws.
You have razor-sharp teeth.
You have supernaturally acute eyesight. (SInv)
You are carnivorous and can eat meat at any time.
You cover ground quickly.
You are covered in fur. (AC +1)
You have a slow metabolism.
Your sharp claws are effective at attacking unaware monsters.


Message History

You rejoin the land of the living...
There is a huge open gate to the Grid Vault (Hard) here.
There is a huge open gate to the Grid Vault (Hard) here.
You scratch the deep elf blademaster.
The deep elf blademaster is lightly wounded.
The deep elf blademaster completely misses you.
The deep elf blademaster hits you with a quick blade!
The deep elf blademaster barely misses you.
The deep elf blademaster misses you.
You completely miss the deep elf blademaster.
The deep elf blademaster is lightly wounded.
The deep elf blademaster completely misses you.
The deep elf blademaster misses you.
You closely miss the deep elf blademaster.
The deep elf blademaster is lightly wounded.
The deep elf blademaster closely misses you.
The deep elf blademaster completely misses you.
The deep elf blademaster hits you with a +0 quick blade!!
Ouch! That really hurt!
You die...

#..#############'##..# #..#
.#E#..# #.e# h# ##..# #.†# e#
#..# #..# T# #..# #..# s# #..#
#..################..#
##########....................#
________##.....e@.............#
________###########''##########
__#####'###########''######
###)))#.##................#
(.')))'.##......#..#......#
#######.##................+
.........'................+
####'#####......#..#......#
.....#[[##................#


You could see a deep elf blademaster.

Vanquished Creatures
  A floating eye (D)
  A quasit (D)
  A mummy (D)
  An adder (D)
  A river rat (D)
  An ufetubus (D)
  An ooze (D)
  An adder skeleton (D)
  A hobgoblin (D)
  2 jackals (D)
  A quokka (D)
  A ball python (D)
  A bat (D)
  A giant cockroach zombie (D)
  2 kobolds (D)
17 creatures vanquished.

Notes
Turn   | Place    | Note
-------+----------+-------------------------------------------
     0 | D        | equalderp2856 the Felid Fighter began the quest for the Orb.
     0 | D        | Reached XP level 1. HP: 10/10 MP: 2/2
    11 | D        | Noticed a floating eye
    15 | D        | Killed a floating eye
    15 | D        | Reached skill level 5 in Fighting
    15 | D        | Reached skill level 8 in Unarmed Combat
    15 | D        | Reached XP level 2. HP: 16/16 MP: 3/3
    15 | D        | Reached XP level 3. HP: 19/19 MP: 4/4
    15 | D        | Reached XP level 4. HP: 23/23 MP: 5/5
    21 | D        | Found a radiant altar of Vehumet.
    21 | D        | Found a hide-covered altar of Uskayaw.
    21 | D        | Found an ancient bone altar of Kikubaaqudgha.
    21 | D        | Found a viscous altar of Jiyva.
    21 | D        | Found a hazy altar of Hepliaklqana.
    22 | D        | Found a bloodstained altar of Trog.
    22 | D        | Found a deep blue altar of Sif Muna.
    22 | D        | Found a sacrificial altar of Ru.
    22 | D        | Found a stormy altar of Qazlal.
    22 | D        | Found an iron altar of Okawaru.
    22 | D        | Found a sparkling altar of Nemelex Xobeh.
    22 | D        | Found an opulent altar of Gozag.
    22 | D        | Found a blossoming altar of Fedhas.
    22 | D        | Found a white marble altar of Elyvilon.
    22 | D        | Found a shadowy altar of Dithmenos.
    22 | D        | Found a snail-covered altar of Cheibriados.
    23 | D        | Found a glowing golden altar of the Shining One.
    23 | D        | Found a glowing silver altar of Zin.
    24 | D        | Found a burning altar of Makhleb.
    24 | D        | Found a basalt altar of Yredelemnul.
    24 | D        | Found a roughly hewn altar of Beogh.
    25 | D        | Found a corrupted altar of Lugonu.
    25 | D        | Found a shimmering altar of Xom.
    25 | D        | Found a shattered altar of Ashenzari.
   157 | D        | Reached XP level 5. HP: 20/26 MP: 6/6
   164 | D        | Reached skill level 9 in Unarmed Combat
   233 | D        | Noticed an orc knight
   429 | D        | Noticed a redback
   429 | D        | Noticed a hell hound
   429 | D        | Noticed a vampire mosquito
   429 | D        | Noticed an iron troll
   429 | D        | Noticed a deep elf blademaster
   430 | D        | Noticed a hell hound
   449 | D        | Mangled by a deep elf blademaster
   450 | D        | Reached XP level 4. HP: -6/24 MP: 5/5
   459 | D        | Mangled by a deep elf blademaster

Skill      XL: |  1  2  3  4  5 |
---------------+----------------+-----
Fighting       | 5 |  5.9
Dodging        | 6 7 |  7.5
Unarmed Combat | 8 9 |  9.5

Action                   |  1- 3 |  4- 6 || total
-------------------------+-------+-------++-------
Melee: Unarmed           |     3 |    58 ||    61
       Bite              |       |     5 ||     5
       Punch             |       |     4 ||     4
 Stab: Sleeping          |       |     1 ||     1
Armor: Skin              |       |     2 ||     2
Dodge: Dodged            |       |    57 ||    57
